 Dungeon Crawl Stone Soup version 0.27.1 (webtiles) character file.

Game seed: 8343630882161922333

30 Malachi the Shield-Bearer (level 3, 35/35 HPs)
             Began as a Gnoll Fighter on Aug 26, 2021.
             Got out of the dungeon alive.
             The game lasted 00:00:50 (866 turns).

Malachi the Shield-Bearer (Gnoll Fighter)            Turns: 866, Time: 00:00:51

Health: 35/35      AC:  7    Str: 15    XL:     3   Next: 20%
Magic:  3/3        EV:  7    Int:  8    God:
Gold:   23         SH: 10    Dex: 11    Spells: 3/3 levels left

rFire    . . .     SeeInvis .   a - +0 war axe
rCold    . . .     Faith    .   c - +0 kite shield
rNeg     . . .     Spirit   .   b - +0 scale mail
rPois    .         Reflect  .   (no helmet)
rElec    .         Harm     .   (no cloak)
rCorr    .         Rampage  .   (no gloves)
Will     .....                  (no boots)
Stlth    ..........             (no amulet)
HPRegen  0.11/turn              (no ring)
MPRegen  0.08/turn              (no ring)

@: no status effects
A: fangs 1, strong nose, distributed training
a: no special abilities


You escaped.
You visited 1 branch of the dungeon, and saw 1 of its levels.

You collected 23 gold pieces.

Inventory:

Hand Weapons
 a - a +0 war axe (weapon)
Missiles
 g - 2 javelins (quivered)
Armour
 b - a +0 scale mail (worn)
 c - a +0 kite shield (worn)
Potions
 d - a potion of might


   Skills:
 + Level 6.5 Fighting
 + Level 0.6 Short Blades
 + Level 0.6 Long Blades
 + Level 4.5 Axes
 + Level 0.6 Maces & Flails
 + Level 0.6 Polearms
 + Level 0.6 Staves
 + Level 0.6 Slings
 + Level 0.6 Bows
 + Level 0.6 Crossbows
 + Level 0.6 Throwing
 + Level 6.5 Armour
 + Level 0.6 Dodging
 + Level 0.6 Stealth
 + Level 6.5 Shields
 + Level 0.6 Unarmed Combat
 + Level 0.6 Spellcasting
 + Level 0.4 Conjurations
 + Level 0.4 Hexes
 + Level 0.4 Summonings
 + Level 0.4 Necromancy
 + Level 0.4 Translocations
 + Level 0.4 Transmutations
 + Level 0.4 Fire Magic
 + Level 0.4 Ice Magic
 + Level 0.4 Air Magic
 + Level 0.4 Earth Magic
 + Level 0.4 Poison Magic
 + Level 0.8 Invocations
 + Level 0.6 Evocations


You had 3 spell levels left.
You didn't know any spells.
Your spell library contained the following spells:

 Spells                   Type           Power      Damage    Failure   Level
 Corona                   Hex            1%         N/A       98%         1
 Ensorcelled Hibernation  Hex/Ice        2%         N/A       99%         2
 Passwall                 Tmut/Erth      0%         N/A       99%         2
 Swiftness                Air            1%         N/A       100%        3
 Tukima's Dance           Hex            1%         N/A       100%        3
 Invisibility             Hex            0%         N/A       100%        6


Dungeon Overview and Level Annotations

Branches:
Dungeon (1/15)

Altars:


Innate Abilities, Weirdness & Mutations

You have very sharp teeth.
Your uncanny sense of smell can sniff out nearby items.
Your experience applies equally to all skills.


Message History

No target in view!
No target in view!
No target in view!
No target in view!
No target in view!
Things that are here:
a +0 dagger; a goblin corpse You now have 13 gold pieces (gained 1).
Things that are here:
a +0 whip; a kobold corpse You see here a +0 trident.
Found 10 gold pieces.
You now have 23 gold pieces (gained 10).
As you open the door, it creaks loudly!
There is an open door here.
There is an open door here.
There is a stone staircase leading down here.
Key pressed, stopping explore.
Things that are here:
a +0 short sword; a jackal skeleton; a jackal skeleton Done exploring.
Done exploring.
Done exploring.
Things that are here:
a +0 short sword; a jackal skeleton; a jackal skeleton You see here a +0 dagger.
You open the door.
There is an open door here.
There is a staircase leading out of the dungeon here.
Unknown command.
As you read the scroll labelled UHEUQY ZEAWK, it crumbles to dust.
The air around you briefly surges with heat, but it dissipates.
It was a scroll of immolation.
As you read the scroll labelled JEGEWK PETWOPE, it crumbles to dust.
You feel strangely unstable.
It was a scroll of teleportation.
As you read the scroll of teleportation, it crumbles to dust.
You feel strangely stable.
There is a staircase leading out of the dungeon here.
Are you sure you want to leave the Dungeon?
This will make you lose the game!
You have escaped!

#.......#######........# #...
#.##.##.#######.#####.## #.>.
#.##.#.......##.# #.# #^.)
#.##......#####'#####.#######...
#.####..#.#.........#.....#.###.
#.####).#.#.........#.###....##.
#.......###..⌠...⌠..#.###.....#.
######.####.........#......)....
#....'....@....'...........
######.........##.#........
#..⌠...⌠..#...........
#.........##.###...#..
#.........##.# ##..###
#####+######.# #.....
#.######.#####.##.
#........##.......
########..>.#.#...


There were no monsters in sight!

Vanquished Creatures
  3 endoplasms (D:1)
  2 goblins (D:1)
  A hobgoblin (D:1)
  3 jackals (D:1)
  2 quokkas (D:1)
  2 ball pythons (D:1)
  5 bats (D:1)
  6 frilled lizards (D:1)
  4 kobolds (D:1)
  2 rats (D:1)
30 creatures vanquished.

Vanquished Creatures (others)
  3 plants (D:1)
3 creatures vanquished.

Grand Total: 33 creatures vanquished

Notes
Turn   | Place    | Note
-------+----------+-------------------------------------------
     0 | D:1      | Malachi the Gnoll Fighter began the quest for the Orb.
     0 | D:1      | Reached XP level 1. HP: 23/23 MP: 1/1
   176 | D:1      | Reached XP level 2. HP: 29/29 MP: 2/2
   450 | D:1      | Reached XP level 3. HP: 31/35 MP: 3/3
   866 | D:$      | Got out of the dungeon alive.

Illustrated notes

Levels and vault maps discovered:
D:1:      mushboom_english_gardens, layout_loops_cross, minmay_lizard_king

Action                   || total
-------------------------++-------
Melee: War axe           ||    77
       Bite              ||     9
  Use: Scroll            ||     3
Armor: Scale mail        ||    31
Dodge: Dodged            ||    36
Block: Kite shield       ||    49
